 Dungeon Crawl Stone Soup version 0.21-a0-64-g1c0f2e3 (webtiles) character file.

1673 AvylaarBelgium the Thaumaturge (level 8, 0/61 HPs)
             Began as a Deep Elf Air Elementalist on June 17, 2017.
             Slain by a centaur (7 damage)
             ... on level 7 of the Dungeon.
             The game lasted 00:19:10 (5912 turns).

AvylaarBelgium the Thaumaturge (DEAE)               Turns: 5912, Time: 00:19:11

Health: 0/61       AC:  4    Str: 10    XL:     8   Next: 70%
Magic:  3/22       EV: 12    Int: 23    God:
Gold:   257        SH:  4    Dex: 15    Spells: 12/23 levels left

rFire    . . .     SeeInvis .   E - +3 flail (holy)
rCold    . . .     Gourm    .   q - +0 buckler
rNeg     . . .     Faith    .   p - +0 robe
rPois    .         Spirit   .   C - +0 helmet
rElec    .         Reflect  .   (no cloak)
rCorr    +         Harm     .   (no gloves)
MR       .....                  s - +0 pair of boots
Stlth    ..........             D - amulet of rage
HPRegen  0.20/turn              G - ring of resist corrosion
MPRegen  0.18/turn              (no ring)

@: berserking, very quick
A: no striking features
a: Evoke Berserk Rage


You were on level 7 of the Dungeon.
You were not hungry.

You visited 1 branch of the dungeon, and saw 7 of its levels.

You collected 257 gold pieces.

Inventory:

Hand Weapons
 e - a +0 short sword
 h - a +1 vampiric rapier
 k - a +1 hunting sling of flaming
 B - a +0 blowgun
 E - a +3 flail of holy wrath (weapon)
Missiles
 a - 16 sling bullets
 d - 72 poisoned needles
 f - 5 throwing nets (quivered)
Armour
 p - a +0 robe (worn)
 q - a +0 buckler (worn)
 s - a +0 pair of boots (worn)
 C - a +0 helmet (worn)
Jewellery
 z - an uncursed amulet of guardian spirit
 D - an amulet of rage (around neck)
 G - a ring of resist corrosion (left hand)
Wands
 y - a wand of paralysis (5/24)
Scrolls
 g - 5 scrolls of teleportation
 i - 2 scrolls of recharging {unknown}
 l - 2 scrolls of fear {unknown}
 m - 5 scrolls of remove curse
 n - 2 scrolls of identify
 r - 4 scrolls of magic mapping {unknown}
 t - a scroll of enchant armour
 w - 4 scrolls of fog {unknown}
 F - a scroll of random uselessness {unknown}
 I - a scroll of amnesia {unknown}
Potions
 o - a potion of magic
 u - a potion of flight
 x - 2 potions of mutation {unknown}
Books
 b - a book of Air

   Spells                             Type                      Level
   a - Shock                          Conjuration/Air              1
   b - Swiftness                      Charms/Air                   2
   c - Static Discharge               Conjuration/Air              3
   d - Airstrike                      Air                          4
   e - Lightning Bolt                 Conjuration/Air              5
 H - a book of Geomancy

   Spells                             Type                      Level
   a - Sandblast                      Earth                        1
   b - Passwall                       Transmutation/Earth          2
   c - Stone Arrow                    Conjuration/Earth            3
   d - Petrify                        Transmutation/Earth          4
   e - Lee's Rapid Deconstruction     Earth                        5
Comestibles
 c - 10 bread rations
 j - 4 royal jellies
 A - 2 meat rations


   Skills:
 - Level 2.4 Dodging
 - Level 2.4 Stealth
 - Level 1.2 Shields
 + Level 8.2 Spellcasting
 + Level 7.7 Conjurations
 + Level 6.7 Air Magic


You had 12 spell levels left.
You knew the following spells:

 Your Spells              Type           Power        Failure   Level  Hunger
a - Shock                 Conj/Air       ####         1%          1    None
b - Swiftness             Chrm/Air       ###.....     3%          2    None
c - Static Discharge      Conj/Air       #####...     1%          3    None
d - Lightning Bolt        Conj/Air       #####.....   14%         5    #####..


Dungeon Overview and Level Annotations

Branches:
Dungeon (7/15)             Temple (0/1) D:5

Altars:
Dithmenos
Nemelex Xobeh
Ru
Uskayaw
Yredelemnul

Annotations:
D:2 Sigmund


Message History

A crimson imp comes into view.
The centaur shoots an arrow.
The arrow misses you.
You see here an arrow.
The centaur shoots an arrow.
The arrow hits you!
* * * LOW HITPOINT WARNING * * *
You see here an arrow.
The centaur unwields an uncursed shortbow.
You block the centaur's attack.
Okay, then.
Okay, then.
Okay, then.
Casting: Static Discharge
Confirm with . or Enter, or press ? or * to list all spells.
Okay, then.
Okay, then.
A red film seems to cover your vision as you go berserk!
You feel yourself moving faster!
You feel mighty!
The crimson imp shouts!
The centaur hits you!
You die...

#... ### #...
..#
##...####.##
...........#
. .........#
...........#
#...#.##(## #
#....c@(.#
#.#...#s##.#
#.#...#.##.#
....... #.#
#...## #.#
####(#####..
#..5.(..#####
#..(.)[...c.#
#..#..#..##.#


You could see a centaur, a scorpion and a crimson imp.

Vanquished Creatures
  Grinder (D:6)
  Edmund (D:6)
  An orc warrior (D:7)
  An ice beast (D:6)
  A necrophage (D:7)
  A scorpion (D:5)
  A quasit (D:5)
  3 hounds
  A bullfrog skeleton (D:5)
  3 orc priests
  A gnoll shaman (D:6)
  Jessica (D:2)
  3 iguanas
  10 orc wizards
  2 worker ants
  A worker ant zombie (D:6)
  6 adders
  9 gnolls
  A howler monkey skeleton (D:4)
  3 river rats (D:4)
  An ooze (D:2)
  2 adder skeletons (D:4)
  4 worms
  2 leopard geckos
  40 orcs
  3 giant cockroaches
  9 goblins
  13 hobgoblins
  3 jackals
  13 kobolds
  2 ball pythons
  7 bats
  5 frilled lizards
  A giant cockroach zombie (D:6)
  2 leopard gecko skeletons (D:5)
  8 rats
166 creatures vanquished.

Vanquished Creatures (others)
  A giant cockroach (D:6)
1 creature vanquished.

Grand Total: 167 creatures vanquished

Notes
Turn   | Place    | Note
-------+----------+-------------------------------------------
     0 | D:1      | AvylaarBelgium the Deep Elf Air Elementalist began the quest for the Orb.
     0 | D:1      | Reached XP level 1. HP: 10/10 MP: 6/6
   380 | D:1      | Reached XP level 2. HP: 15/15 MP: 4/8
   703 | D:2      | Reached XP level 3. HP: 19/19 MP: 3/10
   856 | D:2      | Noticed Jessica
   858 | D:2      | Killed Jessica
   858 | D:2      | Reached skill level 4 in Spellcasting
   858 | D:2      | Reached XP level 4. HP: 24/24 MP: 1/12
  1175 | D:2      | Noticed Sigmund
  2003 | D:4      | Reached XP level 5. HP: 28/28 MP: 10/14
  2129 | D:4      | Learned a level 3 spell: Static Discharge
  2132 | D:4      | Learned a level 2 spell: Swiftness
  2372 | D:3      | Learned a level 5 spell: Lightning Bolt
  2383 | D:4      | Reached skill level 5 in Spellcasting
  2383 | D:4      | Reached XP level 6. HP: 23/32 MP: 6/15
  2747 | D:4      | Reached skill level 5 in Conjurations
  2990 | D:4      | Found a hide-covered altar of Uskayaw.
  2992 | D:4      | Found a basalt altar of Yredelemnul.
  2997 | D:4      | Found a shadowy altar of Dithmenos.
  3478 | D:5      | Entered Level 5 of the Dungeon
  3613 | D:5      | Reached XP level 7. HP: 36/36 MP: 10/17
  3675 | D:5      | Found a sacrificial altar of Ru.
  4038 | D:5      | Reached skill level 6 in Spellcasting
  4103 | D:5      | Reached skill level 5 in Air Magic
  4138 | D:5      | Reached skill level 1 in Shields
  4168 | D:5      | Found a staircase to the Ecumenical Temple.
  5060 | D:6      | Noticed Grinder
  5173 | D:6      | Paralysed by Grinder for 2 turns
  5179 | D:6      | Paralysed by Grinder for 2 turns
  5191 | D:6      | Killed Grinder
  5191 | D:6      | Reached skill level 7 in Spellcasting
  5191 | D:6      | Reached XP level 8. HP: 41/41 MP: 2/20
  5498 | D:6      | Found a sparkling altar of Nemelex Xobeh.
  5515 | D:6      | Noticed Edmund
  5552 | D:6      | Killed Edmund
  5896 | D:7      | Reached skill level 8 in Spellcasting
  5912 | D:7      | Slain by a centaur

Vault maps used:
D:1:      roderic_crossed_star
D:2:      uniq_jessica, uniq_sigmund
D:3:      minivault_25
D:4:      minmay_overflow_temple_star_quad, portal_sewer_entry_a
D:5:      corexii_shantytown, nicolae_ru_the_path_less_chosen, temple_statues,
          first_bread
D:6:      nemelex_altar_shiori, minmay_misc_feat_more_columns, uniq_grinder,
          uniq_edmund
D:7:      nicolae_overflow_hidden_temple

Skill      XL: |  1  2  3  4  5  6  7  8 |
---------------+-------------------------+-----
Conjurations   | 2 3 4 5 7 |  7.7
Spellcasting   | 4 5 7 8 |  8.2
Air Magic      | 4 6 |  6.7
Shields        | 1 |  1.2
Dodging        | |  2.4
Stealth        | |  2.4

Action                   |  1- 3 |  4- 6 |  7- 9 || total
-------------------------+-------+-------+-------++-------
Melee: Short sword       |     2 |     4 |       ||     6
 Fire: Hunting sling     |       |     5 |     1 ||     6
       Blowgun           |       |       |     9 ||     9
 Cast: Shock             |    51 |   156 |   150 ||   357
       Static Discharge  |       |     3 |    19 ||    22
       Swiftness         |       |     1 |       ||     1
       Lightning Bolt    |       |       |     5 ||     5
  Use: Scroll            |       |     1 |     8 ||     9
       Potion            |       |     1 |     2 ||     3
  Eat: Chunk             |       |     7 |     7 ||    14
       Meat ration       |       |       |     1 ||     1
Armor: Robe              |     2 |     4 |    11 ||    17
Dodge: Dodged            |    11 |    15 |    22 ||    48
Block: Buckler           |       |     1 |     7 ||     8
